 Dungeon Crawl Stone Soup version 0.29.1-2-gbd0b4ee654 (webtiles) character file.

Game seed: 6083552954847222956

18032 acdeimund the Frost Mage (level 12, 88/88 HPs)
             Began as a Merfolk Ice Elementalist on Aug 29, 2022.
             Was a High Priest of Sif Muna.
             Quit the game on level 2 of the Lair of Beasts on Oct 29, 2022.
             The game lasted 01:35:50 (17496 turns).

acdeimund the Frost Mage (MfIE)                    Turns: 17496, Time: 01:35:51

Health: 88/88      AC:  7    Str:  9    XL:     12   Next: 54%
Magic:  32/32      EV: 19    Int: 19    God:    Sif Muna [*****.]
Gold:   747        SH:  5    Dex: 14    Spells: 0/25 levels left

rFire   + . .      SeeInvis .   J - +0 spear (vamp)
rCold   + . .      Faith    .   K - +0 buckler
rNeg    . . .      Spirit   .   q - +2 robe {rC+ rF+}
rPois   .          Reflect  .   (no helmet)
rElec   .          Harm     .   G - +2 cloak {Stlth+}
rCorr   .          Rampage  .   (no gloves)
Will    .....                   (no boots)
Stlth   ++++......              O - amulet of magic regeneration
HPRegen 0.24/turn               z - ring of magical power
MPRegen 0.63/turn               i - +4 ring of evasion

@: no status effects
A: (nimble swimmer 2), mertail
a: Renounce Religion, Channel Magic, Forget Spell, Divine Exegesis


You were on level 2 of the Lair of Beasts.
You worshipped Sif Muna.
Sif Muna was extremely pleased with you.
You visited 2 branches of the dungeon, and saw 13 of its levels.
You also visited: Sewer.

You collected 747 gold pieces.

Inventory:

Hand Weapons
 g - a +0 short sword
 o - a +0 dagger
 w - a +1 vampiric dagger
 D - a +0 dagger
 F - a +2 spear of electrocution
 J - a +0 vampiric spear (weapon)
Missiles
 h - 3 javelins
 j - 7 boomerangs
 u - 4 curare-tipped darts
 x - 19 poisoned darts
Armour
 a - a +0 robe
 l - a +0 cloak
 q - a +2 robe of resistance (worn)
 G - a +2 cloak of stealth (worn)
 I - a +0 robe of willpower
 K - a +0 buckler (worn)
 N - +0 ice dragon scales
Jewellery
 i - a +4 ring of evasion (right hand)
 p - a ring of magical power
 y - a ring of ice
 z - a ring of magical power (left hand)
 A - a ring of ice
 O - an amulet of magic regeneration (around neck)
Wands
 f - a wand of charming (4)
 C - a wand of polymorph (5)
 M - a wand of mindburst (2)
Scrolls
 e - 3 scrolls of teleportation
 B - 2 scrolls of fog
 H - a scroll of poison
 P - a scroll of identify
Potions
 b - a potion of magic
 c - a potion of invisibility
 d - 5 potions of mutation
 k - 2 potions of brilliance
 m - 2 potions of lignification
 n - 2 potions of berserk rage
 r - 3 potions of attraction
 s - a potion of heal wounds
 t - 2 potions of haste
 v - 14 potions of degeneration
 E - a potion of might
 L - 2 potions of resistance {unknown}


   Skills:
 + Level 6.0 Fighting
 + Level 8.0 Polearms
 + Level 7.7 Dodging
 + Level 7.0 Stealth
 - Level 4.2 Shields
 + Level 7.4 Spellcasting
 - Level 6.4 Conjurations
 - Level 4.0 Hexes
 + Level 11.6 Ice Magic
 + Level 0.0 Air Magic
 + Level 6.0 Invocations


You couldn't memorise any spells.
You knew the following spells:

 Your Spells              Type           Power      Damage    Failure   Level
a - Freeze                Ice            100%       1d11      1%          1
b - Frozen Ramparts       Ice            100%       1d16      1%          3
c - Ozocubu's Armour      Ice            50%        N/A       1%          3
d - Ensorcelled Hibernat  Hex/Ice        72%        N/A       1%          2
e - Hailstorm             Conj/Ice       41%        3d10      3%          4
f - Freezing Cloud        Conj/Ice/Air   14%        6-21      28%         5
g - Summon Ice Beast      Ice/Summ       29%        N/A       12%         4
h - Swiftness             Air            7%         N/A       36%         3

Your spell library contained the following spells:

 Spells                   Type           Power      Damage    Failure   Level
 Necrotise                Necr           28%        1d5       12%         1
 Fulminant Prism          Conj/Hex       13%        3d9       14%         4
 Portal Projectile        Hex/Tloc       28%        N/A       16%         3
 Passwall                 Tmut/Erth      5%         N/A       19%         2
 Call Canine Familiar     Summ           7%         N/A       36%         3
 Vampiric Draining        Necr           7%         2d6       36%         3
 Anguish                  Hex/Necr       7%         N/A       47%         4
 Leda's Liquefaction      Hex/Erth       7%         N/A       47%         4
 Ozocubu's Refrigeration  Ice            25%        4d13      65%         7
 Olgreb's Toxic Radiance  Pois           7%         N/A       77%         4
 Agony                    Necr           7%         N/A       98%         5
 Enfeeble                 Hex            11%        N/A       100%        7
 Borgnjor's Revivificati  Necr           3%         N/A       100%        8
 Ignition                 Fire           3%         3d4       100%        8
 Necromutation            Tmut/Necr      3%         N/A       100%        8
 Death's Door             Necr           3%         N/A       100%        9
 Polar Vortex             Ice            25%        N/A       100%        9


Dungeon Overview and Level Annotations

Branches:
Dungeon (11/15)            Temple (0/1) D:7            Lair (2/5) D:9
 Shoals (0/4) Lair:2        Sewer (visited)
  Snake: Lair:2-3    Spider: Lair:2-3       Orc: D:9-12

Altars:
Fedhas
Kikubaaqudgha
Makhleb
Qazlal
Sif Muna
The Shining One

Shops:
D:4 =

Annotations:
D:6 1 runed translucent door, PerfectTommy's ghost, novice MiFi
D:9 3 runed translucent doors, markstv's ghost, journeyman HuIE


Innate Abilities, Weirdness & Mutations

((You are very nimble when in or above water. (Stealth+, EV+, Speed+++)))
Your lower body shifts to a powerful aquatic tail in water.


Message History

Your icy armour evaporates.
You start resting.
HP restored.
Okay, then.
Casting: Freeze (safe; 1% risk of failure)
Confirm with . or Enter, or press ? or * to list all spells.
Okay, then.
You see here a +0 halberd.
Things that are here:
an elephant corpse; an elephant corpse
Found a sling.
e - 3 scrolls of teleportation (gained 1)
You see here a +0 dagger.
You see here a river rat skeleton.
You see here a blink frog skeleton.
There is a stone staircase leading down here.
Your legs become a tail as you enter the water.
There is an escape hatch in the floor here.
There is a stone staircase leading down here.
You see here a +0 club.
Your legs become a tail as you enter the water.
There is a stone staircase leading up here.
Partly explored, can't reach some places.
Are you sure you want to abandon this character and quit the game? (Confirm with "yes".)
Okay, then.
Saving game... please wait.
Welcome back, acdeimund the Merfolk Ice Elementalist.
Sif Muna whispers: I know many secrets...
Press ? for a list of commands and other information.
Welcome back, acdeimund the Merfolk Ice Elementalist.
Sif Muna whispers: I know many secrets...
Press ? for a list of commands and other information.
There is a stone staircase leading up here.
Your movement speed is average.
Your attack delay is about 0.7.
Welcome back, acdeimund the Merfolk Ice Elementalist.
Sif Muna whispers: I know many secrets...
Press ? for a list of commands and other information.
Cast which spell? (? or * to list)
Okay, then.
Are you sure you want to abandon this character and quit the game? (Confirm with "yes".)

##..#### ##..#~~≈ #...#
#...~~≈# ##..# ##....~~# ###
##.#### ##.#..~~~#
##.######'##.#####......~≈#
#..............P..<.....~≈#
#................#......~~≈
###..#..........#..........~~
#.#.........@...#..#........~
#.......PP......+>P#.........
##..P..PPPP..<..####.........
#........PP.....# ♣♣♣♣.....#
###P....PPPP....## ♣♣.####
#PPPPPPPP###♣..#♣PP~.P♣#


#.PPPPPP## ♣♣.♣♣.~~~. ###PPPP## ♣.P♣P~~~P ...### ♣PP..P~.P There were no
monsters in sight!

Vanquished Creatures
  2 catoblepae
  A two-headed ogre (D:10)
  Nergalle (Lair:1)
  4 elephants (Lair:2)
  A black mamba (Lair:2)
  5 cane toads
  2 kobold demonologists (D:9)
  3 komodo dragons
  3 trolls
  7 blink frogs (Lair:2)
  A snapping turtle (Lair:2)
  Sigmund (D:7)
  A wyvern (D:9)
  22 yaks
  A steam dragon (Lair:1)
  Edmund (D:7)
  9 water moccasins
  6 orc warriors
  An ice beast (D:7)
  2 black bears (D:9)
  5 wolves (Lair:2)
  2 centaurs
  2 kobold brigands
  4 bullfrogs
  A necrophage (D:5)
  2 gnoll sergeants
  2 scorpions
  18 killer bees
  3 howler monkeys (D:7)
  2 jellies
  5 hounds
  8 orc priests
  3 gnoll boudas
  4 iguanas
  11 orc wizards
  2 hell rats (Lair:2)
  22 gnolls
  4 adders
  7 river rats (Lair:2)
  2 dart slugs
  35 orcs
  7 bats
  2 endoplasms
  2 giant cockroaches
  7 goblins
  6 hobgoblins
  3 jackals (D:3)
  8 quokkas
  5 ball pythons
  2 frilled lizards (D:1)
  11 kobolds
  5 rats
276 creatures vanquished.

Vanquished Creatures (collateral kills)
  A cane toad (Lair:1)
1 creature vanquished.

Vanquished Creatures (others)
  47 fungi
  91 plants
138 creatures vanquished.

Grand Total: 415 creatures vanquished

Notes
Turn   | Place    | Note
-------+----------+-------------------------------------------
     0 | D:1      | acdeimund the Merfolk Ice Elementalist began the quest for
                  | the Orb.
     0 | D:1      | Reached XP level 1. HP: 13/13 MP: 3/3
   268 | D:1      | Reached XP level 2. HP: 20/20 MP: 3/5
  1071 | D:2      | Reached XP level 3. HP: 25/25 MP: 6/6
  1294 | D:2      | Learned a level 3 spell: Frozen Ramparts
  1512 | D:2      | Reached skill level 1 in Fighting
  2003 | D:3      | Found a faded altar of an unknown god.
  2023 | D:3      | Reached XP level 4. HP: 32/32 MP: 5/7
  2073 | D:3      | Found a shimmering blue altar of Sif Muna.
  2082 | D:3      | Became a worshipper of Sif Muna the Loreminder
  2151 | D:3      | Found a blossoming altar of Fedhas.
  2223 | D:3      | Found a stormy altar of Qazlal.
  2403 | D:3      | Found a glowing golden altar of the Shining One.
  2458 | D:3      | Learned a level 3 spell: Ozocubu's Armour
  2672 | D:3      | Reached skill level 5 in Ice Magic
  2797 | D:3      | Reached XP level 5. HP: 34/38 MP: 0/9
  3018 | D:4      | Found a glowing drain.
  3033 | Sewer    | Entered a sewer
  3116 | Sewer    | Noticed a water moccasin
  3174 | Sewer    | Killed a water moccasin
  3175 | Sewer    | Reached XP level 6. HP: 44/44 MP: 6/11
  3215 | Sewer    | Learned a level 2 spell: Ensorcelled Hibernation
  3490 | D:4      | Reached * piety under Sif Muna
  3889 | D:4      | Found Manig's Jewellery Shop.
  3957 | D:5      | Entered Level 5 of the Dungeon
  4459 | D:5      | Reached skill level 1 in Hexes
  4771 | D:5      | Reached XP level 7. HP: 26/51 MP: 8/12
  5033 | D:5      | Reached skill level 6 in Ice Magic
  6050 | D:6      | Found a runed translucent door.
  6055 | D:6      | Noticed PerfectTommy's ghost (novice MiFi)
  6113 | D:6      | Reached skill level 1 in Invocations
  6537 | D:6      | Reached XP level 8. HP: 55/58 MP: 12/14
  6951 | D:7      | Reached skill level 5 in Dodging
  7164 | D:7      | Reached ** piety under Sif Muna
  7388 | D:7      | Reached skill level 7 in Ice Magic
  7393 | D:7      | Learned a level 4 spell: Hailstorm
  8094 | D:7      | Reached skill level 5 in Spellcasting
  8218 | D:7      | Reached skill level 1 in Polearms
  8251 | D:7      | Found a staircase to the Ecumenical Temple.
  8477 | D:7      | Reached XP level 9. HP: 65/65 MP: 16/16
  8482 | D:7      | Noticed Sigmund
  8488 | D:7      | Noticed Edmund
  8494 | D:7      | Killed Sigmund
  8495 | D:7      | Reached skill level 5 in Polearms
  8506 | D:7      | Killed Edmund
  9085 | D:8      | Reached skill level 8 in Ice Magic
  9270 | D:8      | Reached skill level 1 in Conjurations
  9556 | D:8      | Reached skill level 9 in Ice Magic
  9692 | D:8      | Reached *** piety under Sif Muna
 10287 | D:9      | Noticed a troll
 10289 | D:9      | Reached XP level 10. HP: 71/71 MP: 17/17
 10306 | D:8      | Reached skill level 10 in Ice Magic
 10719 | D:9      | Reached skill level 5 in Stealth
 10817 | D:9      | Found a runed translucent gate.
 10817 | D:9      | Found a runed translucent gate.
 10817 | D:9      | Found a runed translucent gate.
 10820 | D:9      | Found a staircase to the Lair.
 10821 | D:9      | Noticed an 11-headed hydra
 10821 | D:9      | Noticed a ten-headed hydra
 10821 | D:9      | Noticed markstv's ghost (journeyman HuIE)
 10836 | D:9      | Noticed a kobold demonologist
 11017 | D:9      | Noticed a kobold demonologist
 11465 | D:9      | Noticed a smoke demon
 11466 | D:9      | Killed a kobold demonologist
 11828 | D:9      | Killed a kobold demonologist
 11919 | D:9      | Reached skill level 5 in Conjurations
 12293 | D:9      | Reached **** piety under Sif Muna
 12366 | D:9      | Reached XP level 11. HP: 54/78 MP: 20/20
 12376 | D:9      | Reached skill level 5 in Fighting
 12500 | D:9      | Found an ancient bone altar of Kikubaaqudgha.
 12635 | D:10     | Entered Level 10 of the Dungeon
 12894 | D:10     | Noticed a two-headed ogre
 12903 | D:10     | Killed a two-headed ogre
 12904 | D:10     | Reached skill level 1 in Shields
 13047 | D:10     | Found a burning altar of Makhleb.
 13370 | Lair:1   | Entered Level 1 of the Lair of Beasts
 13375 | Lair:1   | Noticed a catoblepas
 13393 | Lair:1   | Killed a catoblepas
 13394 | Lair:1   | Reached skill level 11 in Ice Magic
 13442 | Lair:1   | Noticed Nergalle
 13470 | Lair:1   | Killed Nergalle
 15465 | Lair:2   | Found a dark tunnel.
 15465 | Lair:2   | Noticed a lindwurm
 15682 | Lair:2   | Reached XP level 12. HP: 87/87 MP: 22/22
 16049 | Lair:2   | Noticed a catoblepas
 16083 | Lair:2   | Killed a catoblepas
 16087 | Lair:2   | Reached ***** piety under Sif Muna
 16564 | Lair:2   | Received a gift from Sif Muna
 16575 | Lair:2   | Got Sif Muna's Folio of Icy Jinxing {god gift}
 16582 | Lair:2   | Learned a level 5 spell: Freezing Cloud
 16630 | Lair:2   | Learned a level 4 spell: Summon Ice Beast
 16634 | Lair:2   | Learned a level 3 spell: Swiftness
 16728 | Lair:2   | Found a staircase to the Shoals.
 17039 | Lair:2   | Reached skill level 5 in Invocations
 17477 | Lair:2   | Upgraded the game from 0.29.0-5-ge4962eb29e to
                  | 0.29.1-2-gbd0b4ee654
 17496 | Lair:2   | Quit the game

Illustrated notes

Levels and vault maps discovered:
D:1:      psy_arrival_whirlpool, layout_basic
D:2:      layout_loops_ring, serial_aquarium, aquarium_bridge_island_small
          [aquarium_subvault_small_water, aquarium_subvault_wall,
          aquarium_subvault_bridge, aquarium_subvault_wall,
          aquarium_subvault_balcony], aquarium_bridge_straight
          [aquarium_subvault_bridge, aquarium_subvault_window,
          aquarium_subvault_bridge, aquarium_subvault_wall],
          aquarium_window_corner, aquarium_window_2, aquarium_view_2b,
          aquarium_pool_corner, minmay_split_cup_large
D:3:      layout_basic, nicolae_sif_muna_condensation, fedhas_altar_3,
          nicolae_tso_carved_into_rock, lemuel_crystal_altar,
          basic_ecumenical_altar, grunt_decor_clamped
D:4:      layout_loops_ring, serial_shops, shop_statue, portal_sewer_entry_f,
          kennysheep_generic_room_14
D:5:      layout_basic
D:6:      layout_cave_pods, ebering_ghost_reflecting_pool, nicolae_eternal_life
D:7:      layout_loops_ring, minmay_temple_entry_junction, enter_bailey_7,
          grunt_ministairs_2, sigmund_edmund_badplayer
D:8:      layout_loops_ring, minmay_misc_feat_more_columns,
          chequers_serial_rivers_room_a
D:9:      layout_basic, kiku_gazebo_pond_becter, due_lair_maze_entry_diamond,
          gammafunk_ghost_hydra_chop
D:10:     layout_loops_ring, bloody_makhleb, minmay_stone_trees_medium
D:11:     minmay_bloctagon, layout_loops_cross, portal_ice_cave_entry_pillars_2,
          enter_trove_3, nicolae_looking_at_the_future
Lair:1:   layout_regular_city, uniq_nergalle
Lair:2:   layout_roguey, minmay_shoals_entry_hut,
          nicolae_volcano_entry_vermiform, serial_forest,
          infiniplex_forest_end_2, infiniplex_forest_lined_3,
          infiniplex_forest_clump_curved, infiniplex_forest_lined_room_,
          infiniplex_forest_straight_3, infiniplex_forest_straight_4,
          infiniplex_forest_clump_diagonal, infiniplex_forest_pool,
          infiniplex_forest_fountain, kennysheep_rathole, serial_bayou_shore_b

Skill      XL: |  1  2  3  4  5  6  7  8  9 10 11 12 |
---------------+-------------------------------------+-----
Dodging        | 3 4 5 6 7 |  7.7
Fighting       | 1 2 3 4 5 6 |  6.0
Ice Magic      | 5 6 7 9 10 11 | 11.6
Stealth        | 3 4 5 6 7 |  7.0
Spellcasting   | 3 4 5 6 7 |  7.4
Hexes          | 1 2 3 4 |  4.0
Invocations    | 1 6 |  6.0
Polearms       | 4 6 7 8 |  8.0
Conjurations   | 3 5 6 |  6.4
Shields        | 3 4 |  4.2

Action                   |  1- 3 |  4- 6 |  7- 9 | 10-12 || total
-------------------------+-------+-------+-------+-------++-------
Melee: Short sword       |    21 |       |       |       ||    21
       Punch             |     1 |     1 |     2 |       ||     4
       Dagger            |       |    57 |    68 |       ||   125
       Tailslap          |       |     2 |       |       ||     2
       Spear             |       |       |   105 |   221 ||   326
Throw: Javelin           |       |     2 |     1 |     1 ||     4
       Boomerang         |       |     2 |     4 |     1 ||     7
       Dart              |       |       |    12 |     6 ||    18
 Cast: Freeze            |    44 |    42 |    84 |   195 ||   365
       Frozen Ramparts   |       |     6 |    13 |    29 ||    48
       Ozocubu's Armour  |       |       |     7 |    25 ||    32
       Ensorcelled Hiber |       |       |       |     1 ||     1
Evoke: Wand              |       |       |     1 |       ||     1
  Use: Scroll            |       |    13 |     8 |     8 ||    29
       Potion            |       |       |       |     4 ||     4
 Stab: Sleeping          |     4 |     3 |     8 |     4 ||    19
Armor: Robe              |     5 |     7 |    38 |   111 ||   161
Dodge: Dodged            |    47 |    89 |   185 |   366 ||   687
Block: Buckler           |       |       |       |    49 ||    49
